 Dungeon Crawl Stone Soup version 0.19-a0-1834-g6b7851e (webtiles) character file.

11411 kae the Carver (level 12, -1/97 HPs)
             Began as a Formicid Fighter on Oct 9, 2016.
             Was a High Priest of Okawaru.
             Slain by a 12-headed hydra (12 damage)
             ... on level 1 of the Lair of Beasts.
             The game lasted 00:21:32 (11131 turns).

kae the Carver (Formicid Fighter)                  Turns: 11131, Time: 00:21:33

Health: -1/97      AC: 16    Str: 30    XL:     12   Next: 7%
Magic:  5/16       EV:  5    Int:  9    God:    Okawaru [*****.]
Gold:   670        SH: 30    Dex:  5    Spells: 0 memorised, 11 levels left

rFire  + + .     SeeInvis +     a - +1 long sword (elec)
rCold  + . .     Gourm    .     b - +0 scale mail
rNeg   + + +     Faith    .     W - +18 shield of the Gong {rElec rN+ MR+ EV-5}
rPois  .         Spirit   .     (helmet unavailable)
rElec  +         Dismiss  .     p - +0 cloak
rCorr  .         Reflect  .     L - +2 pair of gloves
MR     ++...     Harm     +     A - +0 pair of boots of Plog {rElec rN+ Str+5 Dex-5} (curse)
Stlth  ..........               B - amulet of harm
                                O - ring of Quhesoh {rF++ rC+ AC+4}
                                V - ring of positive energy

@: no status effects
A: permanent stasis, dig shafts and tunnels, four strong arms, antennae 3
a: Dig, Shaft Self, Heroism, Finesse, Renounce Religion


You were on level 1 of the Lair of Beasts.
You worshipped Okawaru.
Okawaru was extremely pleased with you.
You were hungry.

You visited 3 branches of the dungeon, and saw 12 of its levels.
You also visited: Sewer and Ossuary.

You collected 670 gold pieces.

Inventory:

Hand Weapons
 a - a +1 long sword of electrocution (weapon)
 n - the +0 scimitar "Killer Bee's Doom" {antimagic, Str+3 Int+2}
   (You acquired it on level 1 of the Lair of Beasts)

   It reduces the magical energy of the wielder, and disrupts the spells and
   magical abilities of those hit.
   Natural abilities and divine invocations are not affected.
   It affects your strength (+3).
   It affects your intelligence (+2).
Armour
 b - a +0 scale mail (worn)
 o - a +0 shield
 p - a +0 cloak (worn)
 q - a +2 pair of boots
 A - the cursed +0 pair of boots of Plog (worn) {rElec rN+ Str+5 Dex-5}
   (You found it on level 10 of the Dungeon)

   It affects your strength (+5).
   It affects your dexterity (-5).
   It insulates you from electricity.
   It protects you from negative energy.
   It has a curse placed upon it.
 L - a +2 pair of gloves (worn)
 W - the +18 shield of the Gong (worn) {rElec rN+ MR+ EV-5}
   (You found it on level 8 of the Dungeon)

   It affects your evasion (-5).
   It insulates you from electricity.
   It protects you from negative energy.
   It affects your resistance to hostile enchantments.
Jewellery
 t - a +6 ring of strength {unknown}
 u - an uncursed ring of flight
 y - a +2 ring of strength {unknown}
 B - an amulet of harm (around neck)
 O - the ring of Quhesoh (right hand) {rF++ rC+ AC+4}
   (You found it on level 6 of the Dungeon)

   [ring of protection]

   It affects your AC (+4).
   It greatly protects you from fire.
   It protects you from cold.
 S - an uncursed ring of stealth
 U - a +5 ring of intelligence
 V - a ring of positive energy (left hand)
Wands
 Q - a wand of disintegration (20/24)
 Z - a wand of random effects (25/48)
Scrolls
 c - 3 scrolls of identify
 k - 7 scrolls of remove curse
 l - 2 scrolls of amnesia
 r - a scroll of enchant weapon
 s - 4 scrolls of magic mapping
 x - 2 scrolls of immolation
 G - 2 scrolls of recharging
 J - 4 scrolls of fog
 N - a scroll of enchant armour
 R - a scroll of fear
Potions
 d - a potion of might
 e - 10 potions of curing
 h - a potion of degeneration {unknown}
 j - 12 potions of heal wounds
 w - 4 potions of flight
 z - 2 potions of magic
 C - 4 potions of brilliance
 D - a potion of agility {unknown}
 E - 3 potions of resistance
 I - a potion of cure mutation {unknown}
 K - a potion of lignification
 T - a potion of beneficial mutation
Books
 F - a book of Maledictions

   Spells                             Type                      Level
   a - Corona                         Hexes                        1
   b - Ensorcelled Hibernation        Hexes/Ice                    2
   c - Confuse                        Hexes                        3
   d - Tukima's Dance                 Hexes                        3
   e - Dazzling Spray                 Conjuration/Hexes            3
 H - a book of Conjurations

   Spells                             Type                      Level
   a - Magic Dart                     Conjuration                  1
   b - Searing Ray                    Conjuration                  2
   c - Dazzling Spray                 Conjuration/Hexes            3
   d - Fulminant Prism                Conjuration/Hexes            4
   e - Iskenderun's Mystic Blast      Conjuration                  4
   f - Iskenderun's Battlesphere      Conjuration/Charms           5
Comestibles
 f - 5 bread rations
 g - 2 meat rations
 i - 12 fruits
 m - 2 beef jerkies
 v - 11 royal jellies


   Skills:
 - Level 10.2 Fighting
 * Level 12.6 Long Blades
 - Level 3.2 Armour
 - Level 10.4 Shields
 + Level 6.3 Invocations


You had 11 spell levels left.
You didn't know any spells.

Dungeon Overview and Level Annotations

Branches:
Dungeon (10/15)            Temple (1/1) D:6            Lair (1/6) D:8
    Orc: D:9-12

Altars:
Cheibriados
Dithmenos
Elyvilon
Gozag
Makhleb
Okawaru
Ru
Sif Muna
Trog
Uskayaw
Vehumet
Xom
Yredelemnul
Zin
The Shining One

Portals:
Trove: D:10 (give 12 potions of heal wounds)


Innate Abilities, Weirdness & Mutations

You are under a permanent stasis effect.
You can dig through walls and to a lower floor.
Your four strong arms can wield two-handed weapons with a shield.
You have a pair of large antennae on your head. (SInv)


Message History

The 12-headed hydra is moderately wounded.
You block the 12-headed hydra's attack.
GONNNNG!
You block the 12-headed hydra's attack.
GONNNNG!
You block the 12-headed hydra's attack.
PTOANNNG!
The 12-headed hydra bites you.
* * * LOW HITPOINT WARNING * * *
The 12-headed hydra bites you.
* * * LOW HITPOINT WARNING * * *
You block the 12-headed hydra's attack.
GONNNNG!
You block the 12-headed hydra's attack.
PTOANNNG!
The 12-headed hydra bites you but does no damage. x2
The 12-headed hydra bites you!
* * * LOW HITPOINT WARNING * * *
The 12-headed hydra bites you!
You die...

##.............. ..##
#.......[.....## .....#
##.............##
......###.....(.#.(.....#
.......#...#....####.#...
..........#.....# ####..
..........%....#### #...
.........D.....##.#. ##..
........@.......#...###..
./....†..............#P..
......†.†.........≈≈.≈##.
................≈≈≈≈≈≈...
................≈≈≈≈≈≈...
................≈≈≈≈≈≈...
...............≈≈≈≈≈.....
...............≈≈≈≈≈.<..#
...............≈≈≈≈≈≈....


You could see a 12-headed hydra.

Vanquished Creatures
  The ghost of Iwannabefree the Bolt Thrower, a novice CeAM (D:6)
  A komodo dragon (Lair:1)
  Prince Ribbit (D:7)
  A hornet (D:10)
  2 two-headed ogres (D:10)
  5 hippogriffs
  A shadow (D:7)
  20 yaks
  A hungry ghost (D:8)
  3 water moccasins
  Duvessa (D:5)
  A porcupine (Lair:1)
  3 orc warriors
  2 sky beasts
  A phantom (D:8)
  A necrophage (D:8)
  3 wolves (Lair:1)
  5 ogres
  4 centaurs (D:6)
  A crocodile (Lair:1)
  A big kobold (D:9)
  An elf zombie (D:8)
  7 bullfrogs
  An elf skeleton (D:8)
  Dowan (D:5)
  6 scorpions
  8 wights
  3 howler monkeys
  A vampire bat (D:5)
  A bullfrog zombie (D:7)
  5 crimson imps
  6 jellies
  4 centaur zombies
  5 orc priests
  4 hounds
  3 centaur skeletons
  4 human zombies
  Jessica (D:2)
  Natasha (thrice) (D:2)
  2 human skeletons (D:8)
  An iguana (D:9)
  5 orc wizards
  6 worker ants
  2 mummies (Ossuary)
  A worker ant zombie (D:10)
  Robin (D:4)
  6 gnolls
  8 river rats
  16 adders
  A shadow imp (D:7)
  7 oozes
  An adder skeleton (D:4)
  An adder zombie (Ossuary)
  4 worms
  7 dart slugs
  3 fire bats (D:5)
  3 leopard geckos
  21 orcs
  2 spectral bats (D:5)
  A bat simulacrum (D:5)
  3 bat skeletons (D:5)
  A bat zombie (D:5)
  11 giant cockroaches
  14 goblins
  13 hobgoblins
  17 jackals
  10 kobolds
  7 quokkas
  15 ball pythons
  16 bats
  12 frilled lizards
  2 goblin zombies (Ossuary)
  11 hobgoblin zombies (Ossuary)
  A jackal zombie (Ossuary)
  6 kobold zombies (Ossuary)
  2 leopard gecko zombies
  10 orc zombies
  A quokka zombie (D:5)
  30 rats
  A rat zombie (Ossuary)
405 creatures vanquished.

Vanquished Creatures (others)
  A rat (D:1)
1 creature vanquished.

Grand Total: 406 creatures vanquished

Notes
Turn   | Place    | Note
-------+----------+-------------------------------------------
     0 | D:1      | kae the Formicid Fighter began the quest for the Orb.
     0 | D:1      | Reached XP level 1. HP: 18/18 MP: 1/1
    53 | D:1      | Reached XP level 2. HP: 20/24 MP: 2/2
   408 | D:1      | Reached XP level 3. HP: 27/30 MP: 3/3
   941 | D:1      | Reached XP level 4. HP: 37/37 MP: 4/4
   980 | D:2      | Noticed Jessica
   986 | D:2      | Killed Jessica
   986 | D:2      | Reached skill level 3 in Long Blades
  1379 | D:2      | Found a faded altar of an unknown god.
  1387 | D:2      | Reached XP level 5. HP: 38/42 MP: 5/5
  1674 | D:2      | Noticed Natasha
  1690 | D:2      | Killed Natasha
  1876 | D:2      | Noticed Natasha
  1888 | D:2      | Killed Natasha
  2188 | D:2      | Noticed Natasha
  2199 | D:2      | Killed Natasha
  2199 | D:2      | Reached skill level 4 in Long Blades
  2199 | D:2      | Reached skill level 5 in Shields
  2199 | D:2      | Reached XP level 6. HP: 39/49 MP: 6/6
  3037 | D:3      | Reached skill level 5 in Fighting
  3524 | D:4      | Noticed Robin
  3702 | D:4      | Killed Robin
  3704 | D:4      | Reached XP level 7. HP: 56/56 MP: 7/7
  3765 | D:4      | Found a basalt altar of Yredelemnul.
  3833 | D:4      | Found a burning altar of Makhleb.
  3835 | D:4      | Found a glowing silver altar of Zin.
  3835 | D:4      | Noticed a cacodemon
  3835 | D:4      | Noticed an angel
  4027 | D:4      | Reached skill level 5 in Long Blades
  4307 | D:5      | Entered Level 5 of the Dungeon
  4307 | D:5      | Noticed Duvessa
  4337 | D:5      | Killed Duvessa
  4432 | D:5      | Noticed Dowan
  4455 | D:5      | Killed Dowan
  4617 | D:5      | Reached XP level 8. HP: 64/64 MP: 8/8
  4629 | D:5      | Reached skill level 6 in Long Blades
  5609 | D:6      | Found a snail-covered altar of Cheibriados.
  5612 | D:6      | Found a deep blue altar of Sif Muna.
  5612 | D:6      | Found a radiant altar of Vehumet.
  5612 | D:6      | Found a glowing golden altar of the Shining One.
  5624 | D:6      | Reached skill level 7 in Long Blades
  5737 | D:6      | Got a sparkling marble ring
  5752 | D:6      | Reached XP level 9. HP: 56/71 MP: 9/9
  5892 | D:6      | Found a sacrificial altar of Ru.
  5911 | D:6      | Found a staircase to the Ecumenical Temple.
  5916 | Temple   | Entered the Ecumenical Temple
  5924 | Temple   | Became a worshipper of Warmaster Okawaru
  6038 | D:6      | Found a glowing drain.
  6053 | Sewer    | Entered a sewer
  6184 | Sewer    | Reached skill level 8 in Long Blades
  6719 | D:6      | Noticed Iwannabefree's ghost (novice CeAM)
  6739 | D:6      | Killed Iwannabefree's ghost
  6739 | D:6      | Reached * piety under Okawaru
  6739 | D:6      | Reached skill level 9 in Long Blades
  7253 | D:7      | Reached XP level 10. HP: 80/80 MP: 10/10
  7449 | D:7      | Identified the ring of Quhesoh {rF++ rC+ AC+4} (You found it on level 6 of the Dungeon)
  7730 | D:7      | Reached skill level 10 in Long Blades
  7755 | D:7      | Noticed Prince Ribbit
  7764 | D:7      | Killed Prince Ribbit
  7887 | D:7      | Reached ** piety under Okawaru
  8253 | D:8      | Reached skill level 1 in Invocations
  8395 | D:8      | Reached *** piety under Okawaru
  8430 | D:8      | Reached skill level 11 in Long Blades
  8437 | D:8      | Reached skill level 10 in Shields
  8437 | D:8      | Reached XP level 11. HP: 89/89 MP: 11/13
  8547 | D:8      | Found a sand-covered staircase.
  8588 | Ossuary  | Entered an ossuary
  9095 | D:8      | Found a staircase to the Lair.
  9861 | D:9      | Reached **** piety under Okawaru
 10029 | D:10     | Entered Level 10 of the Dungeon
 10170 | D:10     | Reached skill level 5 in Invocations
 10226 | D:10     | Reached skill level 12 in Long Blades
 10322 | D:10     | Found Fiol's Food Shop.
 10368 | D:10     | Got a pair of shimmering boots
 10379 | D:10     | Identified the cursed +0 pair of boots of Plog {rElec rN+ Str+5 Dex-5} (You found it on level 10 of the Dungeon)
 10429 | D:10     | Reached ***** piety under Okawaru
 10438 | D:10     | Reached skill level 10 in Fighting
 10823 | D:10     | Found a portal to a secret trove of treasure.
 10978 | Lair:1   | Entered Level 1 of the Lair of Beasts
 10979 | Lair:1   | Identified a scroll of acquirement
 10980 | Lair:1   | Got a scorched scimitar
 10981 | Lair:1   | Identified the +0 scimitar "Killer Bee's Doom" {antimagic, Str+3 Int+2} (You acquired it on level 1 of the Lair of Beasts)
 11092 | Lair:1   | Reached XP level 12. HP: 97/97 MP: 5/16
 11114 | Lair:1   | Noticed a four-headed hydra
 11131 | Lair:1   | Slain by a 12-headed hydra

Vault maps used:
D:1:      minmay_arrival_solitary_statue
D:2:      ecumenical_altar_1, uniq_natasha, uniq_jessica
D:3:      grunt_decor_cap
D:4:      grunt_temple_overflow_order_and_chaos_2,
          nicolae_overflow_hidden_temple, first_bread, uniq_robin
D:5:      goddamned_bats, uniq_duvessa
D:6:      grunt_temple_overflow_open, portal_sewer_entry_e,
          nicolae_ru_path_of_blood
D:7:      hangedman_decor_lopped, uniq_prince_ribbit1
D:8:      lair_0_dummy, nicolae_ossuary_entry_catacombs,
          hangedman_little_slice_of_home
D:10:     enter_trove_1, serial_shops, kennysheep_mini_moat
Temple:   eino_narrow_crystal_temple
Lair:1:   infiniplex_staircase_pool
Sewer:    sewer_minmay_w
Ossuary:  ossuary_tomb_1

Skill      XL: |  1  2  3  4  5  6  7  8  9 10 11 |
---------------+----------------------------------+-----
Shields        | 4 5 6 7 8 10 | 10.4
Fighting       | 4 5 6 7 9 10 | 10.2
Long Blades    | 3 4 5 7 9 11 12 | 12.6
Invocations    | 2 6 |  6.3
Armour         | |  3.2

Action                   |  1- 3 |  4- 6 |  7- 9 | 10-12 || total
-------------------------+-------+-------+-------+-------++-------
Melee: Long sword        |   123 |   213 |   566 |   540 ||  1442
       Scimitar          |       |       |       |    32 ||    32
Invok: Heroism           |       |       |       |     1 ||     1
 Abil: Dig               |       |     4 |    23 |     8 ||    35
  Use: Scroll            |       |     3 |     2 |    19 ||    24
       Potion            |       |       |     1 |       ||     1
  Eat: Chunk             |       |    10 |    15 |    13 ||    38
       Pizza             |       |       |       |     1 ||     1
Armor: Scale mail        |    57 |    73 |   227 |    79 ||   436
Dodge: Dodged            |    45 |    69 |   173 |    44 ||   331
Block: Shield            |    69 |   108 |   286 |   382 ||   845
       Rpst.: Long sword |    10 |    19 |    57 |    11 ||    97
